[Event "FISCA Open 2022"]
[Site "Cap Aurora"]
[Date "2022.06.28"]
[Round "8.10"]
[White "Ionica, Robert"]
[Black "Togan, Teodor-Bogdan"]
[Result "1-0"]
[ECO "D02"]
[WhiteElo "1731"]
[BlackElo "1507"]
[Annotator "NA RC"]
[PlyCount "93"]
[EventDate "2022.06.22"]
[EventType "swiss"]
[EventCountry "ROU"]
[SourceTitle "playchess.com"]
[Source "ChessBase"]
[SourceQuality "1"]
[TimeControl "5400+30"]

1. d4 d5 2. Bf4 Nf6 3. Nf3 e6 4. e3 Be7 5. Bd3 O-O 6. Nbd2 b6 7. O-O Bb7 8. Ne5 Ne4 9. h3 Nd7 10. c3 Nxd2 11. Qxd2 f6 12. Nxd7 Qxd7 13. Qc2 f5 14. Be5 Bd6 15. f4 Be7 16. Qe2 c5 17. g4 c4 18. Bc2 Qe8 19. Rf2 Bc6 20. Raf1 Bd7 21. Rg2 Bf6 22. Bd6 Be7 23. Be5 Bf6 24. gxf5 exf5 25. Qf3 Be6 26. Bd6 Be7 27. Qg3 Qf7 28. Be5 Bf6 29. Kh2 a5 30. Ba4 Bd7 31. Bxf6 Qxf6 32. Bxd7 Rad8 33. Bxf5 Rf7 34. Bc2 Re8 35. Re2 Rfe7 36. Rfe1 b5 37. Qf3 Qd6 38. e4 dxe4 39. Rxe4 Rxe4 40. Rxe4 Rxe4 41. Qxe4 g6 42. Qe5 Qc6 43. Be4 Qb6 44. Qe7 h5 45. Bd5+ Kh8 46. Qf8+ Kh7 47. Qg8+ 1-0

[Event "FISCA Open 2022"]
[Site "Cap Aurora"]
[Date "2022.06.28"]
[Round "8.11"]
[White "Nacu, Mihai"]
[Black "Corbu, George-Alexandru"]
[Result "1-0"]
[ECO "A50"]
[WhiteElo "1641"]
[BlackElo "1914"]
[Annotator "NA RC"]
[PlyCount "73"]
[EventDate "2022.06.22"]
[EventType "swiss"]
[EventCountry "ROU"]
[SourceTitle "playchess.com"]
[Source "ChessBase"]
[SourceQuality "1"]
[TimeControl "5400+30"]

1. c4 b6 2. Nc3 Bb7 3. d4 Nf6 4. f3 e6 5. e4 d5 6. e5 Nfd7 7. Be3 c5 8. cxd5 exd5 9. f4 a6 10. Nf3 cxd4 11. Nxd4 ({Much less strong is} 11. Bxd4 $6 Bc5 $14) 11... Nc5 12. Be2 Ne4 13. Nxe4 dxe4 14. O-O Bc5 {[%emt 0:01:47] [#]} 15. Nf5 $1 Bxe3+ $16 16. Nxe3 O-O 17. Nf5 b5 18. Qxd8 Rxd8 19. Nd6 Ra7 20. Rac1 Bc6 21. Rc5 f6 22. Rfc1 fxe5 23. fxe5 Re7 24. Bd1 g6 25. Bb3+ Kg7 26. Rxc6 Nxc6 27. Rxc6 e3 28. e6 Rf8 29. Rc1 a5 30. Nxb5 a4 31. Bc4 Rc8 32. b3 Rxe6 33. Re1 Re7 34. Nc3 axb3 35. axb3 Re5 36. Nd5 e2 37. Rxe2 1-0

[Event "FISCA Open 2022"]
[Site "Cap Aurora"]
[Date "2022.06.28"]
[Round "8.12"]
[White "Bujorean, Dorel"]
[Black "Nicolae, Marian-Valentin"]
[Result "0-1"]
[ECO "A93"]
[WhiteElo "1608"]
[BlackElo "1886"]
[Annotator "NA RC"]
[PlyCount "124"]
[EventDate "2022.06.22"]
[EventType "swiss"]
[EventCountry "ROU"]
[SourceTitle "playchess.com"]
[Source "ChessBase"]
[SourceQuality "1"]
[TimeControl "5400+30"]

1. d4 d5 2. Nf3 f5 3. g3 Nf6 4. Bg2 e6 5. O-O Be7 6. Nbd2 O-O 7. c4 c6 8. b3 Bd7 9. Bb2 Ne4 10. Ne5 Be8 11. Ndf3 Bh5 12. Qc2 g5 13. e3 g4 14. Nd2 Nxd2 15. Qxd2 Bd6 $16 16. Nd3 Nd7 17. Nf4 Bxf4 18. exf4 Nf6 19. Qe2 Re8 20. f3 gxf3 21. Bxf3 Bxf3 22. Rxf3 Qd7 23. Rd1 Kf7 24. Bc3 Rg8 25. Be1 Rae8 26. Rf2 Rg6 27. Rg2 Reg8 28. c5 h5 29. h4 Rg4 30. b4 Ne4 31. Rd3 Rb8 32. Rb3 a6 33. a4 Nf6 34. b5 axb5 35. axb5 Rgg8 36. Qb2 Qc7 37. Qb1 Nd7 38. Kh2 Ra8 39. Rgb2 Rgb8 40. Qd1 Nf6 41. Qb1 Nd7 42. Kg2 Ke7 43. Re3 Kf7 44. Ra2 Rxa2+ 45. Qxa2 cxb5 46. Qe2 Nf6 47. Rxe6 Ra8 48. Re5 Qd7 49. Bb4 Re8 50. Qd3 Rxe5 51. fxe5 Ne4 52. Qf3 Kg6 53. Qa3 f4 54. Qf3 fxg3 55. Be1 Qf5 56. Qb3 Qg4 57. Qxb5 Qxh4 58. Qe8+ Kg7 59. Qd7+ Kg6 60. Qxd5 Qh2+ 61. Kf3 Qh1+ 62. Kf4 Qf1+ 0-1

[Event "FISCA Open 2022"]
[Site "Cap Aurora"]
[Date "2022.06.28"]
[Round "8.13"]
[White "Chicarosie, Ioana-Bianca"]
[Black "Sava, Robert-Gabriel"]
[Result "1/2-1/2"]
[ECO "A80"]
[WhiteElo "1605"]
[BlackElo "1821"]
[Annotator "NA RC"]
[PlyCount "72"]
[EventDate "2022.06.22"]
[EventType "swiss"]
[EventCountry "ROU"]
[SourceTitle "playchess.com"]
[Source "ChessBase"]
[SourceQuality "1"]
[TimeControl "5400+30"]

1. d4 f5 2. Nd2 Nf6 3. e3 g6 4. Bd3 Bg7 5. Ngf3 O-O 6. e4 fxe4 7. Nxe4 Nxe4 8. Bxe4 d5 9. Bd3 Nc6 10. Be3 e5 11. dxe5 Nxe5 12. Nxe5 Bxe5 13. c3 c6 14. Qd2 Bf5 15. O-O-O Qd7 16. h3 Bg7 17. f4 Bxd3 18. Qxd3 b5 19. Rhf1 Rae8 20. Rde1 Re4 21. Bd2 Rfe8 22. Rxe4 Rxe4 23. Re1 Qe6 24. Rxe4 dxe4 25. Qe3 a5 26. Kc2 a4 27. b3 axb3+ 28. axb3 Qd5 29. Qe2 Kf7 30. Be3 Bf8 31. c4 bxc4 32. Qxc4 Ke6 33. g4 Be7 34. Bd4 Bd6 35. Be3 Be7 36. Bd4 Bd6 1/2-1/2

[Event "FISCA Open 2022"]
[Site "Cap Aurora"]
[Date "2022.06.29"]
[Round "9.1"]
[White "Petre, Nad-Titus"]
[Black "Girmacea, Bogdan"]
[Result "1/2-1/2"]
[ECO "A13"]
[WhiteElo "2297"]
[BlackElo "2133"]
[Annotator "ChessBase"]
[PlyCount "56"]
[EventDate "2022.06.22"]
[EventType "swiss"]
[EventCountry "ROU"]
[SourceTitle "playchess.com"]
[Source "ChessBase"]
[SourceQuality "1"]
[TimeControl "5400+30"]

1. Nf3 d5 2. e3 Nf6 3. c4 e6 4. Nc3 Be7 5. b3 O-O 6. Bb2 b6 7. cxd5 Nxd5 8. h4 Ba6 9. Bxa6 Nxa6 10. Qb1 Nab4 11. Ng5 Nf6 12. d4 Nbd5 13. Ne2 h6 14. Nf3 c5 15. O-O cxd4 16. Nexd4 Rc8 17. a3 Qc7 18. Qd3 Qb7 19. b4 a6 20. Rac1 b5 21. Ne5 Nb6 22. Ndc6 Rfe8 23. Bd4 Nbd7 24. Nxe7+ Rxe7 25. Nf3 e5 26. Rxc8+ Qxc8 27. Qc3 Qxc3 28. Bxc3 Nd5 1/2-1/2

[Event "FISCA Open 2022"]
[Site "Cap Aurora"]
[Date "2022.06.29"]
[Round "9.3"]
[White "Ardeleanu, Alin"]
[Black "Mihailiuc, Flavius-Iulian"]
[Result "1-0"]
[ECO "C46"]
[WhiteElo "2290"]
[BlackElo "1820"]
[Annotator "RC"]
[PlyCount "39"]
[EventDate "2022.06.22"]
[EventType "swiss"]
[EventCountry "ROU"]
[SourceTitle "playchess.com"]
[Source "ChessBase"]
[SourceQuality "1"]
[TimeControl "5400+30"]

1. e4 e5 2. Nf3 Nc6 3. Nc3 Bc5 4. Nxe5 Nxe5 5. d4 Bxd4 6. Qxd4 Qf6 7. Nb5 d6 8. Qc3 Kf8 9. Qxc7 Be6 10. Qxd6+ Ne7 11. h4 h6 12. Bg5 Nc4 13. Bxf6 Nxd6 14. Bxg7+ Kxg7 15. Nxd6 Rhd8 16. O-O-O a5 17. a3 Kf6 18. Bc4 Bxc4 19. Nxc4 Rdc8 20. Nb6 1-0

[Event "FISCA Open 2022"]
[Site "Cap Aurora"]
[Date "2022.06.29"]
[Round "9.4"]
[White "Coca, Cristi-Iulian"]
[Black "Capragiu, Matei-Stefan"]
[Result "1-0"]
[ECO "A26"]
[WhiteElo "2174"]
[BlackElo "1925"]
[Annotator "RC"]
[PlyCount "75"]
[EventDate "2022.06.22"]
[EventType "swiss"]
[EventCountry "ROU"]
[SourceTitle "playchess.com"]
[Source "ChessBase"]
[SourceQuality "1"]
[TimeControl "5400+30"]

1. c4 Nf6 2. Nc3 g6 3. Nf3 Bg7 4. g3 d6 5. Bg2 O-O 6. O-O Nc6 7. Rb1 e5 8. d3 h6 9. b4 Be6 10. b5 Nd4 11. Nd2 Qc8 12. e3 Nf5 13. a4 c6 14. Nde4 Rd8 15. Nxf6+ Bxf6 16. e4 Nd4 17. Bxh6 Bh3 18. Ne2 Kh7 19. Nxd4 Kxh6 20. Nc2 Bxg2 21. Kxg2 Kg7 22. Ne3 Bg5 23. f4 exf4 24. gxf4 Rh8 25. Qg4 Qxg4+ 26. Nxg4 Bd8 27. f5 gxf5 28. Rxf5 Bb6 29. bxc6 bxc6 30. a5 Bd4 31. Rb7 Rhf8 32. a6 Kg6 33. Rd7 Rad8 34. Rfxf7 Rxd7 35. Rxd7 Kg5 36. h3 Kf4 37. Rxd6 c5 38. Rd7 1-0

[Event "FISCA Open 2022"]
[Site "Cap Aurora"]
[Date "2022.06.29"]
[Round "9.5"]
[White "Breahna, Radu"]
[Black "Trifoi, Mihaela-Ioana"]
[Result "0-1"]
[ECO "D36"]
[WhiteElo "2142"]
[BlackElo "1949"]
[Annotator "RC"]
[PlyCount "78"]
[EventDate "2022.06.22"]
[EventType "swiss"]
[EventCountry "ROU"]
[SourceTitle "playchess.com"]
[Source "ChessBase"]
[SourceQuality "1"]
[TimeControl "5400+30"]

1. d4 d5 2. c4 e6 3. Nc3 Nf6 4. cxd5 exd5 5. Bg5 Be7 6. e3 h6 7. Bh4 O-O 8. Bd3 Nbd7 9. Qc2 Re8 10. Nf3 Nf8 11. O-O c6 12. Rab1 Ne4 13. Bxe7 Qxe7 14. b4 a6 15. a4 Nxc3 16. Qxc3 Be6 17. Nd2 Nd7 18. Nb3 Nb6 19. Nc5 Nc4 20. Bxc4 dxc4 21. a5 Bd5 22. e4 Be6 23. Rfe1 Rad8 24. Rbc1 Bc8 25. Qxc4 Rd6 26. Rc3 Red8 27. Rd3 Rg6 28. Ree3 Kh8 29. h3 Qc7 30. Rf3 Rf8 31. d5 cxd5 32. Qxd5 b6 33. axb6 Rxb6 34. Rd4 a5 35. bxa5 Rb1+ 36. Rd1 Rxd1+ 37. Qxd1 Qxc5 38. Qa1 Bb7 39. a6 Bxe4 0-1

[Event "FISCA Open 2022"]
[Site "Cap Aurora"]
[Date "2022.06.29"]
[Round "9.6"]
[White "Mintau, Andrei-Catalin"]
[Black "Prisacaru, Stefan-Emilian"]
[Result "1-0"]
[ECO "B06"]
[WhiteElo "2130"]
[BlackElo "1937"]
[Annotator "RC"]
[PlyCount "77"]
[EventDate "2022.06.22"]
[EventType "swiss"]
[EventCountry "ROU"]
[SourceTitle "playchess.com"]
[Source "ChessBase"]
[SourceQuality "1"]
[TimeControl "5400+30"]

1. e4 g6 2. d4 Bg7 3. Nc3 d6 4. f4 a6 5. Nf3 b5 6. Bd3 Nd7 7. e5 c5 8. Be3 Nh6 9. Be4 Rb8 10. Qe2 O-O 11. Rd1 c4 12. O-O f5 13. Bd5+ Kh8 14. Ng5 Nb6 15. Be6 d5 16. Qf3 Bb7 17. h3 b4 18. Ne2 Bc8 19. g4 Qe8 20. Ng3 Qc6 21. gxf5 Nxf5 22. Nxf5 Bxe6 23. Nxe7 Qd7 24. f5 Bxf5 25. Nxf5 Rxf5 26. Qg3 Rbf8 27. e6 Rxf1+ 28. Rxf1 Rxf1+ 29. Kxf1 Qe8 30. Qd6 c3 31. b3 Nc8 32. Qxd5 Qb5+ 33. Qxb5 axb5 34. d5 Bf8 35. Nf7+ Kg8 36. Bf4 Nb6 37. d6 Nd5 38. d7 Be7 39. Bg5 1-0

[Event "FISCA Open 2022"]
[Site "Cap Aurora"]
[Date "2022.06.29"]
[Round "9.8"]
[White "Iordache, Alexia-Andreea"]
[Black "Negrean, Andrei"]
[Result "1/2-1/2"]
[ECO "B90"]
[WhiteElo "1658"]
[BlackElo "1846"]
[Annotator "NA RC"]
[PlyCount "113"]
[EventDate "2022.06.22"]
[EventType "swiss"]
[EventCountry "ROU"]
[SourceTitle "playchess.com"]
[Source "ChessBase"]
[SourceQuality "1"]
[TimeControl "5400+30"]

1. e4 c5 2. Nf3 d6 3. d4 cxd4 4. Nxd4 Nf6 5. Nc3 a6 6. f3 e5 7. Nb3 Be6 8. Be3 Nbd7 9. Qd2 h5 10. O-O-O Rc8 11. Kb1 Be7 12. Nd5 Bxd5 13. exd5 Nb6 14. Qa5 Nc4 15. Bxc4 Rxc4 16. Qxd8+ Bxd8 17. Nd2 Rc8 18. c4 b5 19. b3 Ba5 20. Rc1 Bxd2 21. Bxd2 bxc4 22. bxc4 Nd7 23. Be3 Ke7 24. Ka1 Rc7 25. Rc3 Rhc8 26. Rhc1 h4 27. Kb2 f6 28. R1c2 Nc5 29. Bxc5 Rxc5 30. Kc1 g5 31. Kd2 f5 32. Kd3 Kd7 33. Rb3 R5c7 34. Rb6 a5 35. a4 Ra7 36. Rcb2 Rac7 37. Rb7 Rxb7 38. Rxb7+ Rc7 39. Rb8 Rc8 40. Rb5 g4 41. fxg4 e4+ 42. Kd4 fxg4 43. Rxa5 e3 44. Ra7+ Kd8 45. Kxe3 Rxc4 46. Rh7 h3 47. gxh3 gxh3 48. a5 Ra4 $11 49. Ra7 Ra2 50. Kf3 Rxh2 51. Kg3 Rd2 52. Kxh3 Rxd5 53. Kg4 Kc8 54. Kf4 Kb8 55. Ra6 Kb7 56. Rb6+ Ka7 57. Ke4 1/2-1/2

[Event "FISCA Open 2022"]
[Site "Cap Aurora"]
[Date "2022.06.29"]
[Round "9.9"]
[White "Nicolae, Marian-Valentin"]
[Black "Donici-Maier, David"]
[Result "0-1"]
[ECO "A02"]
[WhiteElo "1886"]
[BlackElo "1786"]
[Annotator "NA RC"]
[PlyCount "118"]
[EventDate "2022.06.22"]
[EventType "swiss"]
[EventCountry "ROU"]
[SourceTitle "playchess.com"]
[Source "ChessBase"]
[SourceQuality "1"]
[TimeControl "5400+30"]

1. f4 c5 2. Nf3 Nc6 3. e3 g6 4. c3 Bg7 5. d4 cxd4 6. exd4 d6 7. Be2 Nf6 8. O-O O-O 9. Bd2 Bf5 10. Na3 Rc8 11. Nc4 Na5 12. Ne3 Be6 13. b3 d5 14. Rc1 a6 15. Be1 Ng4 16. Qd2 Nxe3 17. Qxe3 Bf5 18. Bh4 Rc7 19. Nd2 Qc8 20. h3 h5 21. Nf3 b5 22. Qd2 Nb7 23. Ne5 Nd6 24. Be1 Ne4 25. Qe3 Bxe5 26. fxe5 Kg7 27. Bf3 Qe6 28. Bxe4 Bxe4 29. Bh4 Rfc8 30. Be1 Rf8 31. Bd2 Rh8 32. Rf2 f5 33. exf6+ exf6 34. Rcf1 Rf7 35. Re1 Qc6 36. h4 a5 37. Qg3 Qc7 38. Bf4 Qc6 39. Ref1 Rhf8 40. Bd6 Rd8 41. Rxf6 Rxf6 42. Be5 Rdf8 43. Qg5 Qe6 44. c4 bxc4 45. bxc4 dxc4 46. d5 Bxd5 47. Bc3 Be4 48. Rxf6 Rxf6 49. Qf4 Bd3 50. Qc7+ Kg8 51. Qd8+ Rf8 52. Qd4 Kf7 53. Bxa5 Qf6 54. Qd7+ Kg8 55. Bc7 Rf7 56. Qc8+ Kh7 57. Bg3 Qf1+ 58. Kh2 Be4 59. Qh3 Bf5 0-1

[Event "FISCA Open 2022"]
[Site "Cap Aurora"]
[Date "2022.06.29"]
[Round "9.10"]
[White "Puia, Alexia-Teodora"]
[Black "Costache, Andrei Eugeniu"]
[Result "1/2-1/2"]
[ECO "D35"]
[WhiteElo "1787"]
[BlackElo "1479"]
[Annotator "NA RC"]
[PlyCount "50"]
[EventDate "2022.06.22"]
[EventType "swiss"]
[EventCountry "ROU"]
[SourceTitle "playchess.com"]
[Source "ChessBase"]
[SourceQuality "1"]
[TimeControl "5400+30"]

1. d4 d5 2. c4 e6 3. Nc3 c6 4. cxd5 exd5 5. Nf3 Bd6 6. Bg5 Nf6 7. e3 Nbd7 8. Bd3 O-O 9. O-O Qc7 10. Rc1 a6 11. Re1 Re8 12. e4 dxe4 13. Nxe4 Nxe4 14. Bxe4 Rf8 15. Bb1 Nb6 16. Qd3 g6 17. Bh6 Rd8 18. Qe3 Bd7 19. Ne5 Be6 20. Qf3 Bf8 21. Bf4 Bd6 22. Bg3 Qe7 23. Be4 Rac8 24. Bxc6 Bxe5 25. Bxe5 Rxc6 1/2-1/2

[Event "FISCA Open 2022"]
[Site "Cap Aurora"]
[Date "2022.06.29"]
[Round "9.11"]
[White "Miron, Iurii"]
[Black "Nacu, Mihai"]
[Result "0-1"]
[ECO "A50"]
[WhiteElo "1769"]
[BlackElo "1641"]
[Annotator "NA RC"]
[PlyCount "73"]
[EventDate "2022.06.22"]
[EventType "swiss"]
[EventCountry "ROU"]
[SourceTitle "playchess.com"]
[Source "ChessBase"]
[SourceQuality "1"]
[TimeControl "5400+30"]

1. c4 b6 2. Nc3 Bb7 3. d4 Nf6 4. f3 e6 5. e4 d5 6. e5 Nfd7 7. Be3 c5 8. cxd5 exd5 9. f4 a6 10. Nf3 cxd4 11. Nxd4 Nc5 12. Be2 Ne4 13. Nxe4 dxe4 14. O-O Bc5 15. Nf5 Bxe3+ 16. Nxe3 O-O 17. Nf5 b5 18. Qxd8 Rxd8 19. Nd6 Ra7 20. Rac1 Bc6 21. Rc5 f6 22. Rfc1 fxe5 23. fxe5 Re7 24. Bd1 g6 25. Bb3+ Kg7 26. Rxc6 Nxc6 27. Rxc6 e3 28. e6 Rf8 29. Rc1 a5 30. Nxb5 a4 31. Bc4 Rc8 32. b3 Rxe6 33. Re1 Re7 34. Nc3 axb3 35. axb3 Re5 36. Nd5 e2 37. Rxe2 0-1

[Event "FISCA Open 2022"]
[Site "Cap Aurora"]
[Date "2022.06.29"]
[Round "9.12"]
[White "Visanescu, Dragos-Nicholas"]
[Black "Stegaroiu, Marcel-Florian"]
[Result "1-0"]
[ECO "C41"]
[WhiteElo "1708"]
[BlackElo "1917"]
[Annotator "RC"]
[PlyCount "63"]
[EventDate "2022.06.22"]
[EventType "swiss"]
[EventCountry "ROU"]
[SourceTitle "playchess.com"]
[Source "ChessBase"]
[SourceQuality "1"]
[TimeControl "5400+30"]

1. e4 e5 2. Nf3 d6 3. Bc4 Be7 4. d3 Nf6 5. c3 O-O 6. Bb3 c5 7. Nbd2 Nc6 8. Nf1 b5 9. Ne3 a5 10. O-O a4 11. Bc2 d5 12. exd5 Nxd5 13. c4 Nxe3 14. Bxe3 Qb6 15. h3 f5 16. Rb1 f4 17. Bd2 Be6 18. Bc3 bxc4 19. Nxe5 Nxe5 20. Bxe5 f3 21. g4 Rad8 22. Bxa4 cxd3 23. b3 h5 24. Qe1 hxg4 25. Bc7 Qxc7 26. Qxe6+ Kh8 27. Qxg4 Rf6 28. Kh1 Rd4 29. Qh5+ Kg8 30. Rg1 d2 31. Rxg7+ Kxg7 32. Rg1+ 1-0

[Event "FISCA Open 2022"]
[Site "Cap Aurora"]
[Date "2022.06.29"]
[Round "9.13"]
[White "Sava, Robert-Gabriel"]
[Black "Socolov, Victor"]
[Result "1/2-1/2"]
[ECO "D04"]
[WhiteElo "1821"]
[BlackElo "1516"]
[Annotator "NA RC"]
[PlyCount "89"]
[EventDate "2022.06.22"]
[EventType "swiss"]
[EventCountry "ROU"]
[SourceTitle "playchess.com"]
[Source "ChessBase"]
[SourceQuality "1"]
[TimeControl "5400+30"]

1. d4 Nf6 2. Nf3 g6 3. e3 Bg7 4. Bd3 d5 5. O-O O-O 6. Nbd2 Bg4 7. c3 c6 8. e4 dxe4 9. Nxe4 Nxe4 10. Bxe4 Nd7 11. h3 Bxf3 12. Bxf3 Nb6 13. Bf4 e6 14. a4 Nd5 15. Bg3 Bh6 16. a5 a6 17. Qb3 Qd7 18. Rad1 Bf4 (18... Rfe8 $14) 19. Bxf4 Nxf4 20. c4 Qc7 21. Qe3 Rfe8 {[%emt 0:03:55] [#]} (21... f6 $1 $14) 22. b4 (22. g3 $1 $18) 22... e5 $1 23. dxe5 Qxe5 24. Qxe5 Rxe5 25. Rd7 Rb8 26. Rfd1 Kf8 27. Kh2 Re7 28. R7d2 Ne6 29. g3 Ke8 30. Bg2 Rd8 31. Rxd8+ Nxd8 32. Rb1 Kd7 33. b5 cxb5 34. cxb5 axb5 35. Rxb5 Kc7 36. f4 Re2 37. g4 Ra2 38. g5 Nc6 39. Kg3 Nxa5 40. Bd5 Ra3+ 41. Kg4 $11 Nc6 42. Bxf7 Nd4 43. Rb4 Nf5 44. Rb3 Ra1 45. Bg8 $2 (45. Rb4 $11 {and White is okay.}) 1/2-1/2